Cogmind - Beta 13 @@@ ROGUE MODE // 2024.06.02 @ 21:28:17 Player: Finch Result: Destroyed by S-27 Virus with Autogun Performance ------------- Evolutions (5) 2500 Regions Visited (12) 2400 Robots Destroyed (54) 270 Value Destroyed (1947) 1947 Prototype IDs (0) 0 Alien Tech Used (0) 0 Bonus (493) 493 TOTAL SCORE: 7610 Bonus ------- High Alert Combat Kills 23 Follower Combat Kills 519 Friendly Fire -49 Cogmind --------- Core Integrity 0/1000 Matter 9/300 Energy 98/100 System Corruption 16% Temperature Cool (0) Movement Core (50) Location -5/Upper Caves Parts ------- > --- POWER (4) -------- (None) > --- PROPULSION (5) --- (None) > --- UTILITY (5) ------ (None) > --- WEAPON (3) ------- (None) > --- INVENTORY (5) ---- Linear Gravjet Antigrav Array Core Analyzer Datajack Peak State ------------ > --- POWER ------------ Light Ion Engine Micro Nuclear Core Light Angular Momentum Engine > --- PROPULSION ------- Carbon-fiber Leg Carbon-fiber Leg Carbon-fiber Leg Flexi-carbon Leg Myomer Leg > --- UTILITY ---------- Cryofiber Web Small Storage Unit Energy Well Advanced Targeting Computer > --- WEAPON ----------- Heavy Laser Heavy Laser Heavy Laser > --- INVENTORY -------- Carbon-fiber Leg Heavy Beamcaster Gauss Rifle Flak Gun Datajack [Rating: 56] Favorites ----------- Power Ion Engine Engine Ion Engine Power Core Light Nuclear Core Propulsion Carbon-fiber Leg Leg Carbon-fiber Leg Wheel Wheel Hover Unit Antigrav Array Utility Small Storage Unit Device Cryofiber Web Storage Small Storage Unit Processor Advanced Targeting Computer Protection Improved Medium Armor Plating Weapon Shock Rifle Energy Gun Shock Rifle Energy Cannon Heavy Plasma Cannon Ballistic Gun Gauss Rifle Ballistic Cannon Heavy Flak Cannon Launcher Heavy Rocket Launcher Special Melee Weapon Datajack Build | -11 -10 -9 -9 -8 -7 -6 -6 -6 -5 -5 -5 -5 ------- Run | Yrd Mat Mat Min Mat Fac Fac Ext Cet Fac Was Fac Upp Slots Evolved 10 | . . 2 . 2 2 2 . . 2 . . . Power 3 | . . . . 1 . 1 . . 1 . . . Propulsion 3 | . . 2 . . . 1 . . . . . . Utility 3 | . . . . 1 1 . . . 1 . . . Weapon 1 | . . . . . 1 . . . . . . . Parts Attached 102 | 6 6 2 . 13 6 6 41 1 17 4 . . Power 19 | 1 1 . . 4 . 1 11 . 1 . . . Engine 14 | 1 1 . . 3 . 1 7 . 1 . . . Core 5 | . . . . 1 . . 4 . . . . . Reactor . | . . . . . . . . . . . . . Propulsion 32 | 2 1 2 . 4 . 1 15 1 5 1 . . Treads . | . . . . . . . . . . . . . Leg 30 | 2 1 2 . 4 . 1 15 1 4 . . . Wheel 1 | . . . . . . . . . 1 . . . Hover 1 | . . . . . . . . . . 1 . . Flight . | . . . . . . . . . . . . . Utility 15 | 1 2 . . 1 3 3 1 . 3 1 . . Device 5 | . 1 . . 1 1 1 . . 1 . . . Storage 3 | 1 . . . . . . 1 . 1 . . . Processor 5 | . 1 . . . 1 2 . . . 1 . . Hackware . | . . . . . . . . . . . . . Protection 2 | . . . . . 1 . . . 1 . . . Artifact . | . . . . . . . . . . . . . Weapon 36 | 2 2 . . 4 3 1 14 . 8 2 . . Energy Gun 17 | 1 1 . . 3 1 . 8 . 2 1 . . Energy Cannon 1 | . . . . . . . . . 1 . . . Ballistic Gun 9 | 1 1 . . . 2 1 4 . . . . . Ballistic Cannon 6 | . . . . . . . . . 5 1 . . Launcher 1 | . . . . 1 . . . . . . . . Special Weapon . | . . . . . . . . . . . . . Impact Weapon . | . . . . . . . . . . . . . Slashing Weapon . | . . . . . . . . . . . . . Piercing Weapon . | . . . . . . . . . . . . . Special Melee Weapon 2 | . . . . . . . 2 . . . . . Unidentified Prototypes . | . . . . . . . . . . . . . Corrupted Parts 2 | . . . . . . . 2 . . . . . System Corruption 20 | . . . . . . . 20 . . . . . Parts Lost 55 | . . . . 1 . . 24 5 20 4 1 . Power 14 | . . . . 1 . . 9 1 2 1 . . Propulsion 19 | . . . . . . . 9 3 7 . . . Utility 7 | . . . . . . . . 1 4 1 1 . Weapon 15 | . . . . . . . 6 . 7 2 . . Highest Loss Streak 10 | . . . . 1 . . 10 5 5 3 1 . To Critical Strikes 5 | . . . . . . . 1 2 2 . . . Average Slot Usage (%) 88 | . 99 100 100 99 97 99 94 88 58 12 3 . Engine 9 | . 14 11 11 16 7 13 10 11 2 1 . . Core 3 | . . . . 1 7 6 5 6 3 . . . Leg 28 | . 28 44 44 35 30 33 32 28 11 . . . Device 5 | . 6 . . 9 7 10 6 1 1 . . . Storage 9 | . 14 11 11 9 7 6 6 13 14 1 . . Processor 8 | . 6 11 11 9 8 6 12 6 5 2 3 . Energy Gun 10 | . 13 11 11 14 15 13 6 20 6 1 . . Ballistic Gun 7 | . 14 11 11 1 6 6 10 . . . . . Naked Turns 96 | . . . . . . . . . . 33 34 29 Heaviest Build 49 | 13 15 14 14 25 34 40 41 41 49 22 . . Greatest Support 90 | 20 20 40 40 60 60 77 90 90 60 10 3 3 Greatest Overweight (x) 14 | 2 . . . 1 . . . . 14 7 . . Average Overweight (x) . | . . . . . . . . . . . . . Largest Inventory Capacity 8 | 8 8 8 8 8 8 8 8 8 8 5 5 5 Average Capacity 7 | 6 8 8 8 8 8 8 8 8 7 5 5 5 Most Carried 8 | 1 8 7 8 8 8 8 8 5 8 1 5 5 Average Carried 6 | . 6 6 7 7 7 7 5 4 3 1 4 5 Final Capacity 8 | 8 8 8 8 8 8 8 8 8 5 5 5 5 Final Carried 8 | 1 8 7 8 8 8 8 5 4 1 1 5 5 Class Distribution -------------------- 28% | Mutant 26% | Gunner 19% | Scavenger-Mutant 13% | Scavenger-Gunner 8% | Tank 3% | Skirmisher Dominant Class ---------------- Mutant | -10/Materials Scavenger-Mutant | -9/Materials Scavenger-Mutant | -9/Mines Mutant | -8/Materials Tank | -7/Factory Skirmisher | -6/Factory Gunner | -6/Extension Scavenger-Gunner | -6/Cetus Gunner | -5/Factory Mutant | -5/Waste Mutant | -5/Factory Mutant | -5/Upper Caves Resources | -11 -10 -9 -9 -8 -7 -6 -6 -6 -5 -5 -5 -5 ----------- Run | Yrd Mat Mat Min Mat Fac Fac Ext Cet Fac Was Fac Upp Matter Collected 1673 | 227 140 . 35 232 75 . 814 . 150 . . . Remotely . | . . . . . . . . . . . . . Salvage Created 2270 | . 243 . 41 518 117 . 1089 . 262 . . . Parts 116 | . 18 . 4 19 8 . 54 . 13 . . . Haulers Intercepted 2 | . 1 . . 1 . . . . . . . . Recyclers Shooed 3 | . . . . 1 . . 2 . . . . . Parts Field Recycled . | . . . . . . . . . . . . . Retrieved Matter . | . . . . . . . . . . . . . Parts Self-Destructed . | . . . . . . . . . . . . . Prevented . | . . . . . . . . . . . . . Kills | -11 -10 -9 -9 -8 -7 -6 -6 -6 -5 -5 -5 -5 ------- Run | Yrd Mat Mat Min Mat Fac Fac Ext Cet Fac Was Fac Upp Combat Hostiles Destroyed 43 | . 6 . 3 9 3 . 15 . 7 . . . Guns 32 | . 6 . 3 4 3 . 15 . 1 . . . Cannons 6 | . . . . . . . . . 6 . . . AOE 5 | . . . . 5 . . . . . . . . Classes Destroyed 12 | . 4 . . 2 1 . 4 . 1 . . . Builder 3 | . . . . . . . 3 . . . . . Hauler 2 | . 1 . . 1 . . . . . . . . Recycler 3 | . . . . 2 . . 1 . . . . . Operator 1 | . . . . . . . 1 . . . . . Watcher 3 | . 2 . . . . . 1 . . . . . Swarmer 9 | . 3 . 3 . 1 . 2 . . . . . Grunt 22 | . 3 . . 8 . . 7 . 4 . . . Brawler 1 | . . . . . . . . . 1 . . . Sentry 5 | . . . . 1 1 . 3 . . . . . Hunter 2 | . . . . . . . 1 . 1 . . . Programmer 2 | . . . . . . . 1 . 1 . . . Assembled 1 | . . . . . 1 . . . . . . . Thug 1 | . . . . . . . 1 . . . . . Best Kill Streak 8 | . 3 . 3 8 1 . 4 . 3 . . . Combat Bots Only 5 | . 3 . 3 5 1 . 4 . 3 . . . Max Kills in Single Turn 3 | . 1 . 1 3 1 . 2 . 1 . . . Gunslinging . | . . . . . . . . . . . . . Exploded 2 | . . . . 2 . . . . . . . . Melee . | . . . . . . . . . . . . . Uniques/NPCs Destroyed . | . . . . . . . . . . . . . Combat | -11 -10 -9 -9 -8 -7 -6 -6 -6 -5 -5 -5 -5 -------- Run | Yrd Mat Mat Min Mat Fac Fac Ext Cet Fac Was Fac Upp Hostile Shots Fired 869 | . 38 . 20 41 39 . 395 28 258 7 8 35 Missed 361 | . 10 . 9 18 10 . 183 15 96 3 1 16 Damage Taken 7011 | . 298 . 80 305 342 . 2486 350 2587 157 103 303 Core 1419 | . 74 . 6 22 27 . 262 27 440 157 101 303 Absorbed by Shields 263 | . . . . 116 . . 147 . . . . . Redirected to Shielding 101 | . . . . . . . . . 101 . . . Core Remaining (%) 87 | 100 70 . 98 96 96 . . 66 . . . . Volleys Fired 164 | . 26 1 5 28 9 . 59 . 36 . . . Largest 3 | . 2 2 2 2 3 . 3 . 3 . . . Hottest 216 | . 70 70 70 100 128 . 138 . 216 . . . Shots Fired 359 | . 52 2 10 54 27 . 145 . 69 . . . Gun 295 | . 52 2 10 46 27 . 145 . 13 . . . Cannon 56 | . . . . . . . . . 56 . . . Launcher 8 | . . . . 8 . . . . . . . . Special . | . . . . . . . . . . . . . Kinetic 190 | . 26 1 5 2 9 . 103 . 44 . . . Thermal 85 | . 26 1 5 2 . . 26 . 25 . . . Explosive 8 | . . . . 8 . . . . . . . . Electromagnetic 76 | . . . . 42 18 . 16 . . . . . Robot Hit Streak 14 | . 7 . 4 8 6 . 14 . 7 . . . Robot Miss Streak 8 | . 2 . 1 5 4 . 7 . 8 . . . Penetration Max 1 | . . . . . . . 1 . . . . . Secondary Targets 3 | . . . . 1 . . 2 . . . . . Max Gunslinging Chain 1 | . . . . 1 . . 1 . . . . . Shots Hit Robots 247 | . 31 . 5 35 16 . 108 . 52 . . . Core Hits 152 | . 15 . 3 22 7 . 70 . 35 . . . Critical Kills 1 | . . . . . 1 . . . . . . . Critical Parts Destroyed 1 | . . . . . 1 . . . . . . . Critical Strikes 7 | . 2 . . 1 2 . 2 . . . . . Burn 4 | . 2 . . . . . 2 . . . . . Destroy 2 | . . . . . 2 . . . . . . . Corrupt 1 | . . . . 1 . . . . . . . . Melee Attacks 5 | . . . . . . . 5 . . . . . Impact . | . . . . . . . . . . . . . Slashing . | . . . . . . . . . . . . . Piercing . | . . . . . . . . . . . . . Sneak Attacks 5 | . . . . . . . 5 . . . . . Combat Hostiles . | . . . . . . . . . . . . . Follow-up Attacks . | . . . . . . . . . . . . . Damage Inflicted 5502 | . 380 . 61 1242 248 . 2500 . 1058 . 13 . Guns 3759 | . 360 . 61 579 248 . 2367 . 144 . . . Cannons 914 | . . . . . . . . . 914 . . . Explosions 763 | . . . . 660 . . 103 . . . . . Melee . | . . . . . . . . . . . . . Ramming 66 | . 20 . . 3 . . 30 . . . 13 . Kinetic 2742 | . 183 . 36 20 141 . 1680 . 682 . . . Thermal 1159 | . 177 . 25 . . . 581 . 376 . . . Explosive 660 | . . . . 660 . . . . . . . . Electromagnetic 875 | . . . . 559 107 . 209 . . . . . Impact . | . . . . . . . . . . . . . Slashing . | . . . . . . . . . . . . . Piercing . | . . . . . . . . . . . . . Highest Corruption 24 | . . . . . . 2 24 24 6 15 16 16 Average Corruption 10 | . . . . . . 1 9 24 5 13 15 16 Corruption Purged 2 | . . . . . . 2 . . . . . . Corruption Blocked . | . . . . . . . . . . . . . Effects 67 | . . . . . . . 48 4 5 3 5 2 Message Errors 16 | . . . . . . . 9 3 1 . 3 . Matter Fused 7 | . . . . . . . 6 . . . 1 . Heat Flow Errors 5 | . . . . . . . 3 1 . 1 . . Energy Discharges 9 | . . . . . . . 4 . 3 . 1 1 Parts Rejected 5 | . . . . . . . 4 . . 1 . . Parts Fused 2 | . . . . . . . 2 . . . . . Data Loss (minor) 8 | . . . . . . . 6 . . 1 . 1 Data Loss (major) 1 | . . . . . . . 1 . . . . . Misfires 4 | . . . . . . . 4 . . . . . Alerts 1 | . . . . . . . 1 . . . . . Misdirections 3 | . . . . . . . 3 . . . . . Weapon Failures 6 | . . . . . . . 5 . 1 . . . Overload Shots . | . . . . . . . . . . . . . Overflow Damage 56 | . . . . 46 . . . . 10 . . . Projectiles 10 | . . . . . . . . . 10 . . . Explosions 46 | . . . . 46 . . . . . . . . Melee . | . . . . . . . . . . . . . Knockbacks 15 | . . . . . . . . . 15 . . . Impact . | . . . . . . . . . . . . . Kinetic 15 | . . . . . . . . . 15 . . . Secondary . | . . . . . . . . . . . . . Self-Inflicted Damage 108 | . . . . 60 . . 42 . . . 6 . Shots 2 | . . . . 1 . . 1 . . . . . Rammed 1 | . . . . . . . . . . . 1 . Targets Rammed 8 | . 3 . . 1 . . 3 . . . 1 . Kicked 7 | . 3 . . 1 . . 3 . . . . . Crushed . | . . . . . . . . . . . . . Highest Temperature 331 | . 146 . . 324 281 . 297 110 331 208 . . Average Temperature 85 | . 40 . . 94 108 . 91 59 93 120 . . Received Heat Transfer 1217 | . 84 . . 122 144 . 612 27 201 . . 27 Effects 3 | . . . . 1 2 . . . . . . . Interference 2 | . . . . . 2 . . . . . . . Damage (minor) 1 | . . . . 1 . . . . . . . . Siege Activations . | . . . . . . . . . . . . . Robots Corrupted . | . . . . . . . . . . . . . Combat Hostiles . | . . . . . . . . . . . . . Parts Fried 6 | . . . . 6 . . . . . . . . Impact Corruptions . | . . . . . . . . . . . . . Robots Melted . | . . . . . . . . . . . . . Combat Hostiles . | . . . . . . . . . . . . . Parts Melted 3 | . 1 . . . . . 2 . . . . . Heat Transferred 2579 | . 666 . 74 . . . 1230 . 609 . . . Parts Sabotaged . | . . . . . . . . . . . . . Parts Stolen . | . . . . . . . . . . . . . Parts Stripped . | . . . . . . . . . . . . . Power Chain Reactions 2 | . . . . . . . 2 . . . . . Alert | -11 -10 -9 -9 -8 -7 -6 -6 -6 -5 -5 -5 -5 ------- Run | Yrd Mat Mat Min Mat Fac Fac Ext Cet Fac Was Fac Upp Peak Influence 483 | . 202 25 79 483 171 87 421 123 122 20 22 . Initial 167 | . . 25 9 30 167 83 42 123 40 . 7 . Average 131 | . 71 25 73 303 122 83 202 99 43 6 12 . Maximum Alert Level 2 | . 1 . . 2 . . 2 . . . . . Low Security (%) 77 | 100 96 100 100 17 100 100 53 100 100 100 100 . Level 1 20 | . 3 . . 67 . . 44 . . . . . Level 2 2 | . . . . 14 . . 2 . . . . . Level 3 . | . . . . . . . . . . . . . Level 4 . | . . . . . . . . . . . . . Level 5 . | . . . . . . . . . . . . . High Security . | . . . . . . . . . . . . . Max Security . | . . . . . . . . . . . . . Squads Dispatched 16 | . 3 2 . 2 1 2 2 . 2 . 2 . Investigation 10 | . 2 2 . 2 . 1 2 . . . 1 . Extermination 3 | . . . . . 1 1 . . 1 . . . Reinforcement 3 | . 1 . . . . . . . 1 . 1 . Assault . | . . . . . . . . . . . . . Garrison . | . . . . . . . . . . . . . Intercept . | . . . . . . . . . . . . . Searches Triggered . | . . . . . . . . . . . . . Construction Impeded . | . . . . . . . . . . . . . Haulers Reinforced . | . . . . . . . . . . . . . Active Scanning Responses . | . . . . . . . . . . . . . Cargo Convoy Interrupts . | . . . . . . . . . . . . . Stealth | -11 -10 -9 -9 -8 -7 -6 -6 -6 -5 -5 -5 -5 --------- Run | Yrd Mat Mat Min Mat Fac Fac Ext Cet Fac Was Fac Upp Distress Signals 7 | . 1 . . 2 1 . 2 1 . . . . Communications Jammed . | . . . . . . . . . . . . . Distress Signals . | . . . . . . . . . . . . . Times Spotted 129 | . 17 . 3 20 10 . 44 5 12 6 5 7 Peak Tracking Total 7 | . 4 . 3 6 7 1 5 5 4 6 4 7 Tactical Retreats 19 | . 2 . . 1 2 . 13 . . 1 . . Traps | -11 -10 -9 -9 -8 -7 -6 -6 -6 -5 -5 -5 -5 ------- Run | Yrd Mat Mat Min Mat Fac Fac Ext Cet Fac Was Fac Upp Traps Triggered 11 | . 2 1 . 2 1 1 3 . 1 . . . Indirectly . | . . . . . . . . . . . . . Trap Hack Attempts . | . . . . . . . . . . . . . Triggered . | . . . . . . . . . . . . . Disarmed . | . . . . . . . . . . . . . Reprogrammed . | . . . . . . . . . . . . . Reused . | . . . . . . . . . . . . . Traps Extracted . | . . . . . . . . . . . . . Installed . | . . . . . . . . . . . . . Triggered 2 | . . . . . . . 2 . . . . . Machines | -11 -10 -9 -9 -8 -7 -6 -6 -6 -5 -5 -5 -5 ---------- Run | Yrd Mat Mat Min Mat Fac Fac Ext Cet Fac Was Fac Upp Machines Disabled 2 | . . . . 1 . . 1 . . . . . Max in Single Turn 1 | . . . . 1 . . 1 . . . . . Garrison Access 1 | . . . . . . . . . 1 . . . Machines Repaired . | . . . . . . . . . . . . . Machines Dismantled . | . . . . . . . . . . . . . Machines Sabotaged . | . . . . . . . . . . . . . Overloaded Fab Kills . | . . . . . . . . . . . . . Hacking | -11 -10 -9 -9 -8 -7 -6 -6 -6 -5 -5 -5 -5 --------- Run | Yrd Mat Mat Min Mat Fac Fac Ext Cet Fac Was Fac Upp Machines Accessed 18 | . 2 2 . 1 1 2 8 . 1 . 1 . Terminals 15 | . 2 1 . 1 1 2 8 . . . . . Fabricators . | . . . . . . . . . . . . . Repair Stations . | . . . . . . . . . . . . . Recycling Units 1 | . . . . . . . . . . . 1 . Scanalyzers 1 | . . 1 . . . . . . . . . . Garrison Access 1 | . . . . . . . . . 1 . . . Total Hacks 44 | . 5 5 . 4 2 5 18 . 2 . 3 . Successful 24 | . 3 5 . 4 2 1 6 . 1 . 2 . Failed 20 | . 2 . . . . 4 12 . 1 . 1 . Catastrophic 2 | . . . . . . . 2 . . . . . Database Lockouts . | . . . . . . . . . . . . . Manual . | . . . . . . . . . . . . . Terminals 36 | . 5 2 . 4 2 5 18 . . . . . Fabricators . | . . . . . . . . . . . . . Repair Stations . | . . . . . . . . . . . . . Recycling Units 3 | . . . . . . . . . . . 3 . Scanalyzers 3 | . . 3 . . . . . . . . . . Garrison Access 2 | . . . . . . . . . 2 . . . Terminal Hacks 18 | . 3 2 . 4 2 1 6 . . . . . Record 4 | . 2 . . 2 . . . . . . . . Open Door 6 | . . . . . . 1 5 . . . . . Alert Level 1 | . . 1 . . . . . . . . . . Locate Traps 1 | . . . . 1 . . . . . . . . Dispatch Records 1 | . . . . 1 . . . . . . . . Maintenance Status 1 | . 1 . . . . . . . . . . . Investigation Status 2 | . . 1 . . 1 . . . . . . . Recall Investigation 1 | . . . . . 1 . . . . . . . Zone Layout 1 | . . . . . . . 1 . . . . . Fabricator Hacks . | . . . . . . . . . . . . . Repair Station Hacks . | . . . . . . . . . . . . . Recycling Unit Hacks 2 | . . . . . . . . . . . 2 . Report Inventory 1 | . . . . . . . . . . . 1 . Retrieve Components 1 | . . . . . . . . . . . 1 . Scanalyzer 3 | . . 3 . . . . . . . . . . Insert Component 2 | . . 2 . . . . . . . . . . Analyze 1 | . . 1 . . . . . . . . . . Garrison Access Hacks 1 | . . . . . . . . . 1 . . . Seal Access 1 | . . . . . . . . . 1 . . . Unauthorized Hacks . | . . . . . . . . . . . . . Terminals . | . . . . . . . . . . . . . Fabricators . | . . . . . . . . . . . . . Repair Stations . | . . . . . . . . . . . . . Recycling Units . | . . . . . . . . . . . . . Scanalyzers . | . . . . . . . . . . . . . Garrison Access . | . . . . . . . . . . . . . Data Cores Recovered 1 | . . . . . . . 1 . . . . . Used . | . . . . . . . . . . . . . Hacking Detections 14 | . 2 1 . 1 1 1 6 . 1 . 1 . Full Trace Events 5 | . 1 1 . . . 1 1 . . . 1 . Feedback Events . | . . . . . . . . . . . . . Feedback Blocked . | . . . . . . . . . . . . . Robot Schematics Acquired . | . . . . . . . . . . . . . Robots Built . | . . . . . . . . . . . . . Authchips . | . . . . . . . . . . . . . Time . | . . . . . . . . . . . . . Total Robot Build Rating . | . . . . . . . . . . . . . Part Schematics Acquired 1 | . . 1 . . . . . . . . . . Parts Built . | . . . . . . . . . . . . . Authchips . | . . . . . . . . . . . . . Time . | . . . . . . . . . . . . . Total Part Build Rating . | . . . . . . . . . . . . . Parts Repaired . | . . . . . . . . . . . . . Time . | . . . . . . . . . . . . . Parts Recycled . | . . . . . . . . . . . . . Recycled Matter . | . . . . . . . . . . . . . Retrieved Matter . | . . . . . . . . . . . . . Retrieved Components 3 | . . . . . . . . . . . 3 . Parts Scanalyzed 1 | . . 1 . . . . . . . . . . Part Schematics Acquired 1 | . . 1 . . . . . . . . . . Parts Damaged . | . . . . . . . . . . . . . Bothacking | -11 -10 -9 -9 -8 -7 -6 -6 -6 -5 -5 -5 -5 ------------ Run | Yrd Mat Mat Min Mat Fac Fac Ext Cet Fac Was Fac Upp Used RIF Installer . | . . . . . . . . . . . . . Robots Hacked . | . . . . . . . . . . . . . Non-combat . | . . . . . . . . . . . . . Combat . | . . . . . . . . . . . . . Robot Hacks Applied . | . . . . . . . . . . . . . Relay Couplers Released . | . . . . . . . . . . . . . Fabnet Peak Effective % . | . . . . . . . . . . . . . Robots Rewired 3 | . . . . . . . 3 . . . . . Allies Hacked . | . . . . . . . . . . . . . Hacks Repelled . | . . . . . . . . . . . . . Allies | -11 -10 -9 -9 -8 -7 -6 -6 -6 -5 -5 -5 -5 -------- Run | Yrd Mat Mat Min Mat Fac Fac Ext Cet Fac Was Fac Upp Total Allies 17 | . . . 3 . . . 13 . . 1 . . Largest Group 4 | . . . 3 3 . . 4 . . 1 . . Highest-Rated Group 179 | . . . 40 40 . . 179 . . 31 . . Highest-Rated Ally 159 | . . . 16 16 . . 159 . . 31 . . Total Orders . | . . . . . . . . . . . . . Ally Attacks 154 | . . . . 47 . . 98 . . 9 . . Total Damage 2631 | . . . . 412 . . 2048 . . 171 . . Kills 21 | . . . . 8 . . 13 . . . . . Allies Corrupted . | . . . . . . . . . . . . . Allies Melted . | . . . . . . . . . . . . . Intel | -11 -10 -9 -9 -8 -7 -6 -6 -6 -5 -5 -5 -5 ------- Run | Yrd Mat Mat Min Mat Fac Fac Ext Cet Fac Was Fac Upp Robot Analysis Total . | . . . . . . . . . . . . . Derelict Logs Recovered . | . . . . . . . . . . . . . Drone Launches . | . . . . . . . . . . . . . Drone Recoveries . | . . . . . . . . . . . . . Exploration | -11 -10 -9 -9 -8 -7 -6 -6 -6 -5 -5 -5 -5 ------------- Run | Yrd Mat Mat Min Mat Fac Fac Ext Cet Fac Was Fac Upp Turns Passed 5125 | 61 691 277 244 532 651 325 1434 65 632 99 85 29 Spaces Moved 3684 | 46 491 176 187 343 507 258 969 54 300 137 158 58 Core 351 | 7 . . . . . . . . 10 118 158 58 Treads . | . . . . . . . . . . . . . Legs 3286 | 39 491 176 187 343 507 258 969 54 262 . . . Wheels 47 | . . . . . . . . . 28 19 . . Hover . | . . . . . . . . . . . . . Flight . | . . . . . . . . . . . . . Fastest Speed 50 | 50 120 120 120 120 120 122 120 120 95 50 50 50 Average Speed 117 | 111 120 120 120 120 120 122 120 120 156 67 50 50 Slowest Speed 750 | 150 120 120 120 190 120 122 122 120 750 400 50 50 Overloaded Moves . | . . . . . . . . . . . . . Propulsion Burnouts . | . . . . . . . . . . . . . Robots Hopped . | . . . . . . . . . . . . . Cave-ins Triggered . | . . . . . . . . . . . . . Exploration Rate (%) 29 | 3 67 12 33 32 13 7 78 23 9 90 5 12 Regions Visited 12 Branch Regions 4 Pre-discovered Areas . | . . . . . . . . . . . . . Known Exits Taken . | . . . . . . . . . . . . . Unknown Exits Taken 10 | 1 1 1 1 1 1 1 1 1 . . 1 . Scrap Searched . | . . . . . . . . . . . . . Spaces Dug . | . . . . . . . . . . . . . Terrain Destroyed 97 | . . . . 78 . . 12 . 7 . . . Melee . | . . . . . . . . . . . . . Projectile 8 | . . . . . . . 1 . 7 . . . AOE 89 | . . . . 78 . . 11 . . . . . Terrain Rammed . | . . . . . . . . . . . . . Walls Destroyed . | . . . . . . . . . . . . . Machines Disabled . | . . . . . . . . . . . . . Actions | -11 -10 -9 -9 -8 -7 -6 -6 -6 -5 -5 -5 -5 --------- Run | Yrd Mat Mat Min Mat Fac Fac Ext Cet Fac Was Fac Upp Total 4149 | 52 540 240 196 411 529 267 1103 54 396 140 163 58 Wait 120 | . 9 61 4 4 . . 9 . 31 . 2 . Move 3673 | 45 490 175 186 342 506 257 968 53 300 136 157 58 Hop . | . . . . . . . . . . . . . Pick Up 36 | 1 4 1 1 9 3 1 9 . 5 . 2 . Fast Attach 50 | 6 3 . . 6 4 3 13 . 11 4 . . Attach 33 | . . 2 . 3 1 2 19 1 5 . . . Detach 5 | . . . . . . . 3 . 1 . 1 . Swap 19 | . 3 . . 4 1 1 9 . 1 . . . Drop 32 | . 2 . . 14 5 3 2 . 6 . . . Fire 164 | . 26 1 5 28 9 . 59 . 36 . . . Melee 5 | . . . . . . . 5 . . . . . Ram 1 | . . . . . . . . . . . 1 . Kick 7 | . 3 . . 1 . . 3 . . . . . Crush . | . . . . . . . . . . . . . Escape Stasis 1 | . . . . . . . 1 . . . . . Rewire 3 | . . . . . . . 3 . . . . . Trap . | . . . . . . . . . . . . . Miscellaneous . | . . . . . . . . . . . . . Route ------- -11/Scrapyard -10/Materials (discovered 2 exits: *Mat x2) -9/Materials -9/Mines -8/Materials -7/Factory (discovered 2 exits: *Fac / *Low) -6/Factory -6/Extension (discovered 2 exits: *Fac / [*Cet]) -6/Cetus -5/Factory -5/Waste -5/Factory -5/Upper Caves History --------- Turn | Location | Event 32 | -11/Scrapyard | Discovered new exit (range 15) 62 | -11/Scrapyard | Entered Materials 312 | -10/Materials | Build established: Mutant 374 | -10/Materials | Discovered new exit (range 3) 531 | -10/Materials | Discovered new exit (range 16) 753 | -10/Materials | Entered another Materials area 753 | -9/Materials | Evolved 2 slots: Propulsion x2 979 | -9/Materials | Discovered new exit (range 15) 1030 | -9/Materials | Entered Mines 1041 | -9/Mines | Build established: Scavenger-Mutant 1165 | -9/Mines | Received a Rocket Launcher from a helpful Derelict 1235 | -9/Mines | Discovered new exit (range 8) 1248 | -9/Mines | Assisted by bots powering up and referring to "LRC-V3" 1274 | -9/Mines | Entered Materials 1274 | -8/Materials | Accompanied by 3 allies 1274 | -8/Materials | Evolved 2 slots: Power x1, Utility x1 1539 | -8/Materials | Discovered new exit (range 15) 1758 | -8/Materials | Build established: Mutant 1806 | -8/Materials | Entered Factory 1806 | -7/Factory | Evolved 2 slots: Utility x1, Weapon x1 2083 | -7/Factory | Build established: Gunner 2341 | -7/Factory | Discovered new exit (range 11) 2357 | -7/Factory | Identified exit to Lower Caves 2396 | -7/Factory | Assembled infested ambush trap array 2407 | -7/Factory | Build established: Tank 2438 | -7/Factory | Discovered new exit (range 6) 2457 | -7/Factory | Entered another Factory area 2457 | -6/Factory | Evolved 2 slots: Power x1, Propulsion x1 2566 | -6/Factory | Spotted B-75 Beast 2778 | -6/Factory | Discovered new exit (range 5) 2782 | -6/Factory | Entered Extension 2848 | -6/Extension | Rescued a captive Derelict 2850 | -6/Extension | Rescued a captive Derelict 3018 | -6/Extension | Rescued A7 3053 | -6/Extension | Build established: Gunner 3148 | -6/Extension | Rescued a captive Derelict 3177 | -6/Extension | Spotted B-75 Beast 3189 | -6/Extension | Spotted B-75 Beast 3253 | -6/Extension | Lost 3 parts (1p2n) 3582 | -6/Extension | Disrupted transfer network 3661 | -6/Extension | Lost 10 parts (5p2n3w) 3719 | -6/Extension | System corruption reached 10% 3811 | -6/Extension | Rescued a captive Derelict 3812 | -6/Extension | Rescued a captive Derelict 3862 | -6/Extension | Rescued a captive Derelict 3863 | -6/Extension | Rescued a captive Derelict 3881 | -6/Extension | Rescued a captive Derelict 3883 | -6/Extension | Rescued a captive Derelict 4030 | -6/Extension | Lost 3 parts (1p2n) 4038 | -6/Extension | Lost 3 allies 4150 | -6/Extension | Build established: Scavenger-Gunner 4189 | -6/Extension | Discovered new exit (range 10) 4191 | -6/Extension | Discovered new exit (range 6) 4216 | -6/Extension | Entered Cetus 4232 | -6/Cetus | Spotted Cetus Guard 4232 | -6/Cetus | Spotted Cetus Guard 4236 | -6/Cetus | Spotted Cetus Guard 4236 | -6/Cetus | Spotted Cetus Guard 4263 | -6/Cetus | Discovered new exit (range 16) 4281 | -6/Cetus | Entered Factory 4281 | -5/Factory | Evolved 2 slots: Power x1, Utility x1 4292 | -5/Factory | Lost 5 parts (1p3n1u) 4681 | -5/Factory | Lost 4 parts (2n1u1w) 4775 | -5/Factory | Lost 3 parts (1n2w) 4856 | -5/Factory | Lost 5 parts (2n3w) 4913 | -5/Factory | Sucked down chute 4913 | -5/Factory | Entered Waste 4914 | -5/Waste | Met a frightened Derelict 4918 | -5/Waste | Lost 5 parts (1n3u1w) 4928 | -5/Waste | EMP discharged 4928 | -5/Waste | System corruption reached 10% 4929 | -5/Waste | Spotted C-40 Crusher 4944 | -5/Waste | Crushed by Compactor (1 part destroyed, 1 dropped) 4947 | -5/Waste | Crushed by Compactor (1 part destroyed, 1 dropped) 4948 | -5/Waste | Core integrity fell below 50% 4953 | -5/Waste | Spotted C-40 Crusher 4956 | -5/Waste | Spotted C-40 Crusher 4957 | -5/Waste | Crushed by Compactor (1 part destroyed) 4968 | -5/Waste | Spotted C-40 Crusher 4978 | -5/Waste | Spotted C-40 Crusher 4980 | -5/Waste | Spotted C-40 Crusher 4987 | -5/Waste | Discovered new exit (range 16) 4988 | -5/Waste | Lost 3 parts (1p1u1w) 5003 | -5/Waste | Crushed by Compactor (1 part destroyed) 5012 | -5/Waste | Entered Factory 5094 | -5/Factory | Discovered new exit (range 7) 5097 | -5/Factory | Entered Upper Caves 5117 | -5/Upper Caves | Attracted the attention of an 0b10 checkpoint 5118 | -5/Upper Caves | Core integrity fell below 20% 5126 | -5/Upper Caves | Destroyed by S-27 Virus with Autogun Last Messages --------------- System corrupted: Matter fused (-6). O-24 Administrator: "IFF HANDSHAKE FAILED. SECURING TERMINAL." /UE0DA/H/3P4TM%WWNC> 2KK,JCG ALERT: All DSF locations entering lockdown mode. ALERT: Hostiles spotted, dispatching reinforcements to Terminal F018. Slammed into K-01 Serf. Adv. Corruption Screen destroyed. System corrupted by crushing effect (+1). System corrupted: Energy discharge (-40). LEF#WWHCUHG